 Dungeon Crawl Stone Soup version 0.26.1-11-gd32895ea62 (webtiles) character file.

Game seed: 16271280436700131730

57 eooof the Skirmisher (level 4, -5/29 HPs)
             Began as a Kobold Wanderer on May 10, 2021.
             Slain by Blork the orc
             ... wielding a +0 battleaxe
              (13 damage)
             ... on level 4 of the Dungeon.
             The game lasted 00:07:16 (1081 turns).

eooof the Skirmisher (Kobold Wanderer)              Turns: 1081, Time: 00:07:17

Health: -5/29      AC:  8    Str: 11    XL:     4   Next: 18%
Magic:  4/4        EV: 11    Int: 13    God:
Gold:   119        SH:  0    Dex: 13    Spells: 3/3 levels left

rFire    . . .     SeeInvis .   a - +0 dagger
rCold    . . .     Faith    .   (shield restricted)
rNeg     . . .     Spirit   .   d - +2 scale mail
rPois    .         Reflect  .   (no helmet)
rElec    .         Harm     .   (no cloak)
rCorr    .         Rampage  .   (no gloves)
Will     .....                  (no boots)
Stlth    ++........             (no amulet)
HPRegen  0.09/turn              (no ring)
MPRegen  0.09/turn              (no ring)

@: very slightly contaminated
A: small, nightstalker 3
a: no special abilities


You were on level 4 of the Dungeon.
You visited 1 branch of the dungeon, and saw 5 of its levels.

You collected 119 gold pieces.

Inventory:

Hand Weapons
 a - a +0 dagger (weapon)
 h - a cursed +0 dagger
Armour
 d - a +2 scale mail (worn)
Scrolls
 b - 3 scrolls of teleportation
Potions
 c - a potion of curing


   Skills:
 + Level 3.8 Fighting
 + Level 2.1 Short Blades
 - Level 1.0 Staves
 - Level 3.2 Armour
 + Level 1.8 Dodging
 + Level 3.7 Stealth


You had 3 spell levels left.
You didn't know any spells.
Your spell library was empty.

Dungeon Overview and Level Annotations

Branches:
Dungeon (5/15)
 Temple: D:4-7

Altars:

Annotations:
D:4 Blork the orc


Innate Abilities, Weirdness & Mutations

You are small and have problems with some larger weapons.
You are completely attuned to the shadows.


Message History

Blork the orc is moderately wounded.
You flicker back into view.
You hit Blork the orc but do no damage.
Blork the orc is moderately wounded.
You barely miss Blork the orc.
Blork the orc is moderately wounded.
Blork the orc gestures wildly while chanting.
Blork the orc seems to speed up.
You hit Blork the orc but do no damage.
Blork the orc is moderately wounded.
Blork the orc points at you and mumbles some strange words.
The puff of frost hits you. Blork the orc closely misses you.
You hit Blork the orc but do no damage.
Blork the orc is moderately wounded.
Blork the orc hits you with a +0 battleaxe.
* * * LOW HITPOINT WARNING * * *
You hit Blork the orc.
Blork the orc is heavily wounded.
Blork the orc hits you with a +0 battleaxe!
You die...

#. #.# ##+## #.#
##...## ###.###
##.....##
#.....###.......##
###...#.##.........##
#........'.........'.
#.#.@o..##.........##
# #.....###.......##
#.#...# ##.....##
#.......# ##...##
###.....# ###.### .#


You could see Blork the orc (fast).

Vanquished Creatures
  A hound (D:5)
  A white imp (D:4)
  A dart slug (D:1)
  A leopard gecko (D:5)
  2 goblins (D:2)
  2 hobgoblins
  3 jackals (D:3)
  A quokka (D:2)
  A kobold (D:2)
  2 rats
15 creatures vanquished.

Vanquished Creatures (others)
  6 toadstools (D:2)
6 creatures vanquished.

Grand Total: 21 creatures vanquished

Notes
Turn   | Place    | Note
-------+----------+-------------------------------------------
     0 | D:1      | eooof the Kobold Wanderer began the quest for the Orb.
     0 | D:1      | eooof set off with the following items: a +0 dagger, a
                  | scroll of teleportation, a potion of curing, a +2 scale
                  | mail
     0 | D:1      | Reached XP level 1. HP: 14/14 MP: 1/1
   181 | D:2      | Reached XP level 2. HP: 13/19 MP: 2/2
   390 | D:2      | Reached skill level 1 in Short Blades
   500 | D:3      | Reached skill level 1 in Dodging
   753 | D:5      | Entered Level 5 of the Dungeon
   830 | D:5      | Reached XP level 3. HP: 5/24 MP: 3/3
   830 | D:5      | Reached XP level 4. HP: 6/29 MP: 4/4
  1058 | D:4      | Noticed Blork the orc
  1081 | D:4      | Slain by Blork the orc

Illustrated notes

Levels and vault maps discovered:
D:1:      lightli_arrival_quake, layout_basic
D:2:      cheibrodos_fertilizer, layout_basic, minmay_pentomino_x2
D:3:      layout_basic, lemuel_crystal_altar, nicolae_overflow_hidden_temple,
          chequers_ecumenical_altar_twisty, hangedman_abyss_or_decor_stabs,
          kennysheep_cluttered_room
D:4:      layout_loops_corners, serial_shops, shop, minmay_fire_ice_demons,
          uniq_pikel, uniq_blork_the_orc, uniq_natasha
D:5:      layout_gridville, moated_statue

Skill      XL: |  1  2 |
---------------+-------+-----
Stealth        | 3 |  3.7
Short Blades   | 2 |  2.1
Dodging        | 1 |  1.8
Fighting       | |  3.8
Staves         | |  1.0
Armour         | |  3.2

Action                   |  1- 3 |  4- 6 || total
-------------------------+-------+-------++-------
Melee: Dagger            |    99 |    72 ||   171
  Use: Potion            |     3 |     1 ||     4
       Scroll            |     1 |     1 ||     2
 Stab: Invisible         |       |     1 ||     1
       Sleeping          |       |     1 ||     1
Armor: Scale mail        |    41 |    37 ||    78
Dodge: Dodged            |    55 |    35 ||    90
